AoeStats
← Niroxs

Nomad

508288516Analyzed
3v3 RM · 10d ago on Sep 21, 2026· 44m 22s· 6 players
Game mode
Random Map
Map size
210×210
Population
200
Speed
Normal
Resources
Standard
Victory
Conquest
Starting age
Dark Age
Ending age
Imperial Age
RankedLock teamsTeams togetherTeam positionsShared explorationLock speedFull tech treeHidden civsTurbo modeCheats
Victory
Defeat
🇫🇷 Vietnamese · France
1907
+6
🇧🇪 Hindustanis · Belgium
1846
+8
🇧🇪 Cumans · Belgium
1832
+8
🇨🇭 Britons · Switzerland
1746
-10
🇩🇪 Aztecs · Germany
1654
-7
🇭🇰 Magyars · Hong Kong SAR China
1557
-5
mochichi4
5:06 Loom
13:11 Feudal Age
13:43 Town Watch
15:56 Scale Barding Armor
15:41 Double-Bit Axe
17:06 Bloodlines
18:46 Wheelbarrow
20:14 Gold Mining
23:32 Castle Age
24:37 Chain Barding Armor
24:50 Bow Saw
25:08 Horse Collar
25:36 Husbandry
31:37 Gold Shaft Mining
30:58 Fishing Lines
34:25 Pikeman
38:45 Imperial Age
36:44 Scale Mail Armor
39:17 Cavalier
40:22 Hand Cart
40:34 Chain Mail Armor
40:11 Halberdier
43:16 Medium Warships
43:22 Medium Warships
44:15 Plate Barding Armor
Niroxs
12:30 Feudal Age
20:08 Loom
23:27 Castle Age
22:41 Double-Bit Axe
22:54 Fletching
23:12 Horse Collar
23:45 Crossbowman
28:06 Bodkin Arrow
31:19 Padded Archer Armor
34:34 Ballistics
35:22 Leather Archer Armor
39:05 Wheelbarrow
44:04 Imperial Age
Willox
17:16 Feudal Age
15:33 Loom
16:17 Loom
17:56 Double-Bit Axe
21:39 Castle Age
21:39 Gold Mining
22:35 Bow Saw
23:02 Gold Shaft Mining
22:41 Medium Warships
24:45 Eagle Warrior
27:51 Squires
28:14 Scale Mail Armor
30:18 Chain Mail Armor
30:13 Forging
32:44 Iron Casting
38:28 Imperial Age
37:39 Devotion
38:01 Pikeman
38:52 Elite Eagle Warrior
40:11 Plate Mail Armor
The Cringe Lord
4:18 Loom
23:39 Feudal Age
24:03 Fishing Lines
24:21 Double-Bit Axe
29:21 Horse Collar
31:27 Wheelbarrow
36:02 Castle Age
35:30 Gold Mining
37:10 Gillnets
41:41 Imperial Age
40:19 Bow Saw
40:09 Heavy Plow
40:28 Heavy Plow
41:02 Scale Barding Armor
42:18 Chain Barding Armor
43:13 Cavalier
44:03 Bloodlines
44:44 Plate Barding Armor
44:31 Forging
Act a fool
13:19 Feudal Age
12:22 Loom
17:12 Castle Age
15:16 Double-Bit Axe
17:03 Horse Collar
17:28 Town Watch
18:10 Medium Warships
19:36 Fishing Lines
25:35 Wheelbarrow
26:26 Heavy Plow
26:41 Bow Saw
31:50 Imperial Age
31:10 Scale Barding Armor
32:10 Chain Barding Armor
32:12 Bloodlines
32:02 Husbandry
32:30 Heavy Camel Rider
34:49 Plate Barding Armor
36:49 Forging
38:20 Iron Casting
37:43 Light Cavalry
40:21 Chemistry
40:55 Blast Furnace
41:24 Imperial Camel Rider
43:49 Conscription
44:43 Hand Cart
MoJRiM
13:16 Loom
15:24 Feudal Age
16:06 Fishing Lines
16:12 Double-Bit Axe
17:08 Town Watch
20:42 Castle Age
21:25 Gold Mining
21:46 Bow Saw
21:31 Gillnets
22:40 Wheelbarrow
22:57 Horse Collar
25:15 Hand Cart
28:25 Stone Mining
29:43 Fletching
34:51 Imperial Age
33:49 Ballistics
34:13 Heavy Plow
34:45 Bodkin Arrow
37:19 Bracer
40:48 Chemistry
40:01 Padded Archer Armor
41:45 Thumb Ring
43:46 Leather Archer Armor
Connection lost

Rejoining the realm…

Still unreachable

The connection could not be restored.

Session expired

The server has moved on; the page needs a fresh start.